 Dungeon Crawl Stone Soup version 0.28-a0-1130-gc51a68064b (webtiles) character file.

Game seed: 4027631971950995430

62 SensoryNuts the Slasher (level 3, 0/31 HPs)
             Began as a Draconian Gladiator on Dec 12, 2021.
             Succumbed to a scorpion's poison
             ... on level 2 of the Dungeon.
             The game lasted 00:01:22 (1746 turns).

SensoryNuts the Slasher (Draconian Gladiator)       Turns: 1746, Time: 00:01:23

Health: 0/31       AC:  5    Str: 16 (18) XL:     3   Next: 85%
Magic:  3/3        EV: 12    Int:  5 (8)  God:
Gold:   56         SH:  0    Dex: 10 (12) Spells: 2/2 levels left

rFire   . . .      SeeInvis .   g - +0 dagger (venom)
rCold   . . .      Faith    .   (no shield)
rNeg    . . .      Spirit   .   (armour unavailable)
rPois   .          Reflect  .   b - +0 hat
rElec   .          Harm     .   (no cloak)
rCorr   .          Rampage  .   (no gloves)
Will    .....                   (no boots)
Stlth   +.........              (no amulet)
HPRegen 0.10/turn               (no ring)
MPRegen 0.08/turn               (no ring)

@: lethally poisoned (0 -> -8)
A: AC +5, unfitting armour, cold-blooded
a: no special abilities


You were on level 2 of the Dungeon.
You visited 1 branch of the dungeon, and saw 2 of its levels.

You collected 56 gold pieces.

Inventory:

Hand Weapons
 a - a +0 long sword
 g - a +0 dagger of venom (weapon)
 l - a +1 vorpal hand axe
Missiles
 c - 4 throwing nets (quivered)
Armour
 b - a +0 hat (worn)
Scrolls
 d - a scroll of identify {unknown}
 e - a scroll of fog {unknown}
 j - a scroll of enchant armour {unknown}
 k - a scroll of vulnerability {unknown}
Potions
 h - a potion of degeneration
 i - a potion of curing


   Skills:
 + Level 3.0 Fighting
 + Level 0.2(2.2) Short Blades
 + Level 3.7 Long Blades
 + Level 2.0 Throwing
 + Level 3.3 Dodging


You had 2 spell levels left.
You didn't know any spells.
Your spell library contained the following spells:

 Spells                   Type           Power      Damage    Failure   Level
 Freeze                   Ice            0%         1d3       47%         1
 Frozen Ramparts          Ice            0%         1d2       85%         3
 Hailstorm                Conj/Ice       0%         3d3       99%         4


Dungeon Overview and Level Annotations

Branches:
Dungeon (2/15)

Altars:

Shops:
D:2 =


Innate Abilities, Weirdness & Mutations

Your plain brown scales are hard. (AC +5)
You cannot fit into any form of body armour.
You are cold-blooded and may be slowed by cold attacks.


Message History

There is a lethal amount of poison in your body!
There is a lethal amount of poison in your body!
There is a lethal amount of poison in your body!
You are too injured to fight recklessly!
Unknown command.
It was a potion of ambrosia.
You are confused.
You feel invigorated.
You feel very sick. The scorpion stings you.
* * * LOW HITPOINT WARNING * * *
You are more poisoned.
The scorpion poisons you! The goblin hits you but does no damage.
The scorpion stings you.
* * * LOW HITPOINT WARNING * * *
It was a potion of degeneration.
There was something very wrong with that liquid.
You feel weakened.
You feel dopey.
You feel clumsy.
* * * LOW HITPOINT WARNING * * *
You feel very sick. The goblin barely misses you.
The scorpion barely misses you.
Unknown command.
It was a potion of curing.
You feel better.
You feel less invigorated. The goblin hits you but does no damage.
The scorpion closely misses you.
Okay, then.
You barely miss the scorpion.
The scorpion is moderately wounded.
The goblin hits you with a +0 club. The scorpion stings you.
* * * LOW HITPOINT WARNING * * *
You are lethally poisoned!
The scorpion poisons you!
You hit the scorpion but do no damage.
The scorpion looks even sicker.
The scorpion is moderately wounded.
* * * LOW HITPOINT WARNING * * *
You feel sick. The goblin hits you with a +0 club.
* * * LOW HITPOINT WARNING * * *
The scorpion closely misses you.
You closely miss the scorpion.
The scorpion is heavily wounded.
You die...

.. .. .. ..
############.. .(
##......g...... ......
#..#...@s.# .......
#..#....#...... .......
##.##.###
###........... #.##.#
#........... #.##.#
#........... #.##)#
#..........# #.##.#
#.....)..... #.##.#####
.........#.
#.##.....#####.........


You could see a scorpion (very poisoned) and a goblin.

Vanquished Creatures
  An adder (D:2)
  A worm (D:2)
  A dart slug (D:1)
  3 bats (D:1)
  2 endoplasms (D:1)
  3 giant cockroaches
  4 goblins
  3 hobgoblins
  A jackal (D:1)
  5 quokkas
  5 ball pythons
  5 frilled lizards
  5 kobolds
  7 rats
46 creatures vanquished.

Notes
Turn   | Place    | Note
-------+----------+-------------------------------------------
     0 | D:1      | SensoryNuts the Draconian Gladiator began the quest for the
                  | Orb.
     0 | D:1      | Reached XP level 1. HP: 17/17 MP: 1/1
   235 | D:1      | Reached XP level 2. HP: 21/24 MP: 2/2
   855 | D:1      | Found a faded altar of an unknown god.
   914 | D:1      | Reached XP level 3. HP: 30/30 MP: 3/3
  1507 | D:2      | Found Zekyekh's Jewellery Shoppe.
  1734 | D:2      | Noticed a scorpion
  1746 | D:2      | Succumbed to a scorpion's poison

Illustrated notes

Levels and vault maps discovered:
D:1:      lemuel_arrival_behind_the_door_large, layout_basic,
          basic_ecumenical_altar, minmay_misc_feat_encased,
          supply_closet_lemuel, minmay_tetromino_i4
D:2:      layout_rooms, serial_shops, shop

Skill      XL: |  1  2  3 |
---------------+----------+-----
Dodging        | 3 |  3.3
Throwing       | 2 |  2.0
Fighting       | 3 |  3.0
Short Blades   | |  0.2
Long Blades    | |  3.7

Action                   || total
-------------------------++-------
Melee: Long sword        ||    29
       Tailslap          ||    15
       Dagger            ||   103
  Use: Potion            ||     3
Armor: Skin              ||    42
Dodge: Dodged            ||    85

Table legend: (Time is in decaauts)
 A = Elapsed time spent in this place.
 B = Non-inter-level travel time spent in this place.
 C = Inter-level travel time spent in this place.
 D = Time resting spent in this place.
 E = Time spent auto-exploring this place.
 F = Levels seen in this place.
 G = Mean time per level.
                   A        B        C        D        E       F      G
               +--------+--------+--------+--------+--------+-----+--------+
         Total |   1741 |   1741 |      0 |      0 |   1417 |   2 |  870.5 |
       Dungeon |   1741 |   1741 |      0 |      0 |   1417 |   2 |  870.5 |
               +--------+--------+--------+--------+--------+-----+--------+

Top non-repeatable levels by time:
     D:1: 1228 daAuts
     D:2: 513 daAuts
